 Dungeon Crawl Stone Soup version 0.28-a0-691-gad6df49e81 (webtiles) character file.

Game seed: 2004552316873779826

72 ytrimaz the Covered (level 4, -1/37 HPs)
             Began as a Formicid Fighter on Oct 22, 2021.
             Slain by a dart slug (3 damage)
             ... on level 2 of the Dungeon.
             The game lasted 00:02:26 (1367 turns).

ytrimaz the Covered (Formicid Fighter)              Turns: 1367, Time: 00:02:26

Health: -1/37      AC: 11    Str: 20 (21) XL:     4   Next: 50%
Magic:  4/4        EV:  6    Int:  6 (8)  God:
Gold:   33         SH:  4    Dex:  8 (10) Spells: 3/3 levels left

rFire   . . .      SeeInvis +   a - +0 war axe
rCold   . . .      Faith    .   c - +0 buckler
rNeg    . . .      Spirit   .   h - +0 plate armour
rPois   .          Reflect  .   (helmet unavailable)
rElec   .          Harm     .   (no cloak)
rCorr   .          Rampage  .   (no gloves)
Will    .....                   (no boots)
Stlth   ..........              (no amulet)
HPRegen 0.12/turn               (no ring)
MPRegen 0.09/turn               (no ring)

@: no status effects
A: permanent stasis, dig shafts and tunnels, antennae 3, four strong arms
a: Dig, Shaft Self


You were on level 2 of the Dungeon.
You visited 1 branch of the dungeon, and saw 2 of its levels.

You collected 33 gold pieces.

Inventory:

Hand Weapons
 a - a +0 war axe (weapon)
Armour
 c - a +0 buckler (worn)
 h - a +0 plate armour (worn)
Jewellery
 g - a ring of ice


   Skills:
 + Level 3.8 Fighting
 + Level 3.3 Axes
 + Level 4.0 Armour
 - Level 3.6 Shields


You had 3 spell levels left.
You didn't know any spells.
Your spell library was empty.

Dungeon Overview and Level Annotations

Branches:
Dungeon (2/15)

Altars:


Innate Abilities, Weirdness & Mutations

You cannot be hasted, slowed, berserked, paralysed or teleported.
You can dig through walls and to a lower floor.
You have a pair of large antennae on your head. (SInv)
Your four strong arms can wield two-handed weapons with a shield.


Message History

You block the adder's attack. The adder bites you but does no damage.
You slash the adder!
You kill the adder!
The adder bites you but does no damage.
You hit the adder.
The adder is lightly wounded.
The adder bites you but does no damage. x2
You hit the adder.
The adder is severely wounded.
The adder bites you but does no damage.
A dart slug comes into view.
The adder barely misses you.
You miss the adder.
The adder is severely wounded.
The adder closely misses you.
You closely miss the adder.
The adder is severely wounded.
The adder barely misses you. The adder bites you but does no damage.
The dart slug launches a dart at you. The slug dart hits you.
* * * LOW HITPOINT WARNING * * *
You miss the adder.
The adder is severely wounded.
The adder bites you but does no damage. The adder bites you.
* * * LOW HITPOINT WARNING * * *
The dart slug launches a dart at you.
The slug dart hits you but does no damage.
Your plate armour prevents you from hitting the adder.
The adder is severely wounded.
The adder barely misses you. The adder closely misses you.
You barely miss the adder.
The adder is severely wounded.
The adder bites you but does no damage.
You hit the adder.
You kill the adder!
There is a stone staircase leading down, spattered with blood here.
Things that are here:
an adder corpse; an adder corpse The dart slug bites you.
You die...

#). ... #...###.#..[.........#
...##(. #....††..............#
.......##.†.###..##.#........#
.......#.........##.##########
.............###.## #
........#....# .. ####
##..###......# #.. #.#####...
#..# #......#####.##..^>...##
#..# ##†..†).@w†......########
##..###.†..#########.#. #.
##.......#....# #.
#...(###.#.##..# #.
##..#.###.#.# #..# { ##
...##.#.S.#.# #.#
.....S..##..# .# ....#.####.##
. #...#.# #.#


You could see a dart slug.

Vanquished Creatures
  2 adders (D:2)
  A worm (D:2)
  6 bats
  6 endoplasms
  2 giant cockroaches
  8 goblins
  2 hobgoblins (D:2)
  5 kobolds
  A quokka (D:1)
  6 ball pythons
  2 frilled lizards (D:2)
  8 rats
49 creatures vanquished.

Notes
Turn   | Place    | Note
-------+----------+-------------------------------------------
     0 | D:1      | ytrimaz the Formicid Fighter began the quest for the Orb.
     0 | D:1      | Reached XP level 1. HP: 18/18 MP: 1/1
   266 | D:1      | Reached XP level 2. HP: 11/24 MP: 2/2
   271 | D:1      | HP: 1/24 [kobold (1)]
   732 | D:1      | Found a faded altar of an unknown god.
   775 | D:1      | Reached XP level 3. HP: 28/29 MP: 3/3
  1209 | D:2      | Reached skill level 4 in Armour
  1246 | D:2      | Reached XP level 4. HP: 33/37 MP: 4/4
  1358 | D:2      | HP: 1/37 [adder (2)]
  1367 | D:2      | Slain by a dart slug

Illustrated notes

Levels and vault maps discovered:
D:1:      psy_arrival_whirlpool, layout_rooms, ebering_ecumenical_altar_mist,
          chequers_jeans, minivault_23
D:2:      layout_rooms, serial_park_tiny_1

Skill      XL: |  1  2  3 |
---------------+----------+-----
Armour         | 4 |  4.0
Axes           | 3 |  3.3
Fighting       | |  3.8
Shields        | |  3.6

Action                   |  1- 3 |  4- 6 || total
-------------------------+-------+-------++-------
Melee: War axe           |    85 |    38 ||   123
  Use: Scroll            |     3 |       ||     3
       Potion            |     1 |     2 ||     3
Armor: Scale mail        |    61 |       ||    61
       Plate armour      |     6 |    28 ||    34
Dodge: Dodged            |    62 |    12 ||    74
Block: Buckler           |    29 |     9 ||    38

Table legend: (Time is in decaauts)
 A = Elapsed time spent in this place.
 B = Non-inter-level travel time spent in this place.
 C = Inter-level travel time spent in this place.
 D = Time resting spent in this place.
 E = Time spent auto-exploring this place.
 F = Levels seen in this place.
 G = Mean time per level.
                   A        B        C        D        E       F      G
               +--------+--------+--------+--------+--------+-----+--------+
         Total |   1413 |   1383 |     30 |    584 |    402 |   2 |  706.5 |
       Dungeon |   1413 |   1383 |     30 |    584 |    402 |   2 |  706.5 |
               +--------+--------+--------+--------+--------+-----+--------+

Top non-repeatable levels by time:
     D:1: 1073 daAuts
     D:2: 340 daAuts
